 Dungeon Crawl Stone Soup version 0.21.0-3-g78d12a8 (console) character file.

13851 hilaritas the Carver (level 11, -4/148 HPs)
             Began as a Demigod Fighter on Jan 16, 2018.
             Slain by an unseen horror (5 damage)
             ... on level 11 of the Dungeon.
             The game lasted 00:35:11 (12070 turns).

hilaritas the Carver (Demigod Fighter)             Turns: 12070, Time: 00:35:12

Health: -4/148     AC: 15    Str: 30    XL:     11   Next: 52%
Magic:  0/23       EV:  9    Int: 14    God:
Gold:   702        SH: 13    Dex: 15    Spells: 10/10 levels left

rFire    . . .     SeeInvis .   a - +1 long sword
rCold    + . .     Gourm    +   d - +0 shield "Xeifihav" {Int+2}
rNeg     . . .     Faith    .   L - +0 ice dragon scales
rPois    .         Spirit   +   q - +1 helmet
rElec    .         Reflect  .   A - scarf {Spirit}
rCorr    .         Harm     .   (no gloves)
MR       +....                  t - +0 pair of boots
Stlth    ..........             b - amulet of the gourmand
HPRegen  0.34/turn              B - ring of magical power
MPRegen  0.18/turn              y - ring of fire

@: berserking, very slightly contaminated, invisible, very quick
A: high mp 1
a: no special abilities


You were on level 11 of the Dungeon.
You were very full.

You visited 1 branch of the dungeon, and saw 11 of its levels.

You collected 702 gold pieces.

Inventory:

Hand Weapons
 a - a +1 long sword (weapon)
 r - a +0 falchion
 F - a +2 hand axe of flaming
Missiles
 w - 6 javelins (quivered)
Armour
 c - a +0 shield
 d - the +0 shield "Xeifihav" (worn) {Int+2}
   (You found it on level 6 of the Dungeon)

   It affects your intelligence (+2).
 q - a +1 helmet (worn)
 t - a +0 pair of boots (worn)
 A - a scarf of spirit shield (worn)
 L - +0 ice dragon scales (worn)
Jewellery
 b - an amulet of the gourmand (around neck)
 k - a +2 ring of protection
 l - an uncursed ring of resist corrosion
 o - an uncursed ring of poison resistance
 s - an uncursed ring of protection from cold
 x - a +4 ring of intelligence
 y - a ring of fire (right hand)
 z - an uncursed ring of wizardry
 B - a ring of magical power (left hand)
Wands
 u - a wand of paralysis (12)
 H - a wand of flame (17)
 N - a wand of random effects (29)
Scrolls
 e - a scroll of remove curse
 E - a scroll of enchant weapon
 G - 2 scrolls of fear
 I - 3 scrolls of teleportation
 M - a scroll of fog
Potions
 h - a potion of brilliance
 i - a potion of cancellation
 j - a potion of magic
 m - 7 potions of curing
 n - a potion of might
 p - a potion of resistance
 D - 4 potions of flight
Books
 v - a book of Clouds

   Spells                             Type                      Level
   a - Poisonous Vapours              Poison/Air                   2
   b - Mephitic Cloud                 Conjuration/Poison/Air       3
   c - Conjure Flame                  Conjuration/Fire             3
   d - Freezing Cloud                 Conjuration/Ice/Air          6
   e - Ring of Flames                 Charms/Fire                  7
 K - a book of Geomancy

   Spells                             Type                      Level
   a - Sandblast                      Earth                        1
   b - Passwall                       Transmutation/Earth          2
   c - Stone Arrow                    Conjuration/Earth            3
   d - Petrify                        Transmutation/Earth          4
   e - Lee's Rapid Deconstruction     Earth                        5
Comestibles
 f - 26 rations


   Skills:
 - Level 10.0 Fighting
 - Level 10.0 Long Blades
 + Level 7.7 Armour
 + Level 0.6 Dodging
 + Level 9.1 Shields


You had 10 spell levels left.
You didn't know any spells.

Dungeon Overview and Level Annotations

Branches:
Dungeon (11/15)            Temple (0/1) D:6            Lair (0/6) D:9
    Orc (0/2) D:9

Annotations:
D:8 2 transporters


Innate Abilities, Weirdness & Mutations

You have an increased reservoir of magic. (+10% MP)


Message History

Something hits you!
* * * LOW HITPOINT WARNING * * *
You hit something but do no damage. Something hits you!
* * * LOW HITPOINT WARNING * * *
You feel much better. Something hits you!
* * * LOW HITPOINT WARNING * * *
Something hits you!
* * * LOW HITPOINT WARNING * * *
Something hits you but does no damage. Something hits you but does no damage.
Something hits you but does no damage. Something hits you but does no damage.
A red film seems to cover your vision as you go berserk!
You feel yourself moving faster!
You feel mighty! Something hits you.
* * * LOW HITPOINT WARNING * * *
You feel a strong urge to attack something.
Something hits you.
* * * LOW HITPOINT WARNING * * *
You hit something. Something hits you but does no damage. Something hits you.
You die...

............ .............#..
.......... ............#..
........# #..........#..
#.......# #..........#..
#..>....# #..........###
#.[.....# #.............
#.......# #.............
#.......# #.....####'###
#.......# #.....#......#
#.......######.....#......#
#........{@........+......#
#######.......#####......#......#
...........#### #......########
...........# #..............
#........(.# #..............
#..........# +..............
#.......<..# #....!.........
#..........# #..............
#..........##+#####............#'
#.................<.....#####..#.
#..##########...........#...'..#.


There were no monsters in sight!

Vanquished Creatures
  2 hydras
  A two-headed ogre (D:9)
  2 manticores
  Joseph (D:10)
  A centaur zombie (D:10)
  2 hornets
  2 trolls
  The ghost of p0werm0de the Stinger, an amateur DrVM of Fedhas (D:4)
  2 dream sheep (D:8)
  19 yaks
  2 wraiths (D:9)
  A wyvern (D:10)
  2 hungry ghosts
  A steam dragon (D:6)
  Edmund (D:6)
  A two-headed ogre zombie (D:9)
  Menkaure (D:6)
  2 water moccasins
  4 orc warriors
  3 ice beasts
  A sky beast (D:7)
  A black bear (D:10)
  5 ogres
  3 necrophages
  4 phantoms
  4 centaurs
  3 big kobolds (D:8)
  8 bullfrogs
  A wyvern zombie (D:10)
  A water moccasin zombie (D:5)
  A scorpion (D:5)
  3 troll zombies (D:9)
  3 wights
  A howler monkey (D:9)
  4 crimson imps
  4 bullfrog zombies
  A quasit (D:10)
  6 hounds
  2 orc priests
  A centaur skeleton (D:4)
  2 human zombies (D:9)
  11 orc wizards
  2 jellies
  2 bullfrog skeletons
  3 iguanas
  A human skeleton (D:9)
  Terence (D:2)
  4 worker ants
  3 ogre zombies (D:9)
  A hound skeleton (D:4)
  2 mummies (D:9)
  2 worker ant zombies
  Robin (D:3)
  A howler monkey skeleton (D:9)
  9 adders
  3 shadow imps
  An ooze (D:6)
  An adder skeleton (D:4)
  2 worms
  4 dart slugs
  5 leopard geckos
  13 orcs
  4 giant cockroaches
  13 goblins
  7 hobgoblins
  5 jackals
  3 kobolds
  7 quokkas
  4 ball pythons
  9 bats
  6 frilled lizards
  A giant cockroach zombie (D:5)
  A goblin skeleton (D:9)
  2 goblin zombies (D:9)
  A hobgoblin skeleton (D:9)
  2 hobgoblin zombies (D:9)
  A jackal skeleton (D:4)
  A leopard gecko skeleton (D:6)
  4 leopard gecko zombies
  4 orc skeletons (D:9)
  15 orc zombies (D:9)
  6 rats
278 creatures vanquished.

Vanquished Creatures (others)
  An orc wizard (D:11)
1 creature vanquished.

Grand Total: 279 creatures vanquished

Notes
Turn   | Place    | Note
-------+----------+-------------------------------------------
     0 | D:1      | hilaritas the Demigod Fighter began the quest for the Orb.
     0 | D:1      | Reached XP level 1. HP: 18/18 MP: 3/3
   199 | D:1      | Reached XP level 2. HP: 23/25 MP: 4/4
   708 | D:2      | Reached XP level 3. HP: 22/31 MP: 5/5
   966 | D:2      | Noticed Terence
   980 | D:2      | Killed Terence
   980 | D:2      | Reached XP level 4. HP: 33/38 MP: 6/6
  1418 | D:3      | Found a sacrificial altar of Ru.
  1643 | D:3      | Noticed Robin
  1682 | D:3      | Killed Robin
  1682 | D:3      | Reached XP level 5. HP: 45/45 MP: 7/7
  1739 | D:3      | Found an ornate altar of the Wu Jian Council.
  1739 | D:3      | Found an iron altar of Okawaru.
  1744 | D:3      | Found an ancient bone altar of Kikubaaqudgha.
  1746 | D:3      | Found a faded altar of an unknown god.
  1748 | D:3      | Found a faded altar of an unknown god.
  1856 | D:3      | Found a radiant altar of Vehumet.
  2158 | D:4      | Noticed p0werm0de's ghost (amateur DrVM)
  2183 | D:4      | Killed p0werm0de's ghost
  2183 | D:4      | Reached skill level 5 in Long Blades
  2183 | D:4      | Reached XP level 6. HP: 29/51 MP: 8/8
  2868 | D:5      | Entered Level 5 of the Dungeon
  3211 | D:5      | Reached XP level 7. HP: 12/57 MP: 9/9
  3963 | D:6      | Found a staircase to the Ecumenical Temple.
  4092 | D:6      | Noticed Menkaure
  4105 | D:6      | Killed Menkaure
  4105 | D:6      | Reached XP level 8. HP: 44/66 MP: 6/10
  4357 | D:6      | Noticed Edmund
  4381 | D:6      | Killed Edmund
  4862 | D:6      | Got a polished shield
  4873 | D:6      | Identified the cursed +0 shield "Xeifihav" {Int+2} (You found it on level 6 of the Dungeon)
  5253 | D:7      | Reached skill level 5 in Shields
  5654 | D:7      | Found a snail-covered altar of Cheibriados.
  5657 | D:7      | Found a bloodstained altar of Trog.
  5660 | D:7      | Found a glowing silver altar of Zin.
  6377 | D:8      | Noticed a hornet
  6401 | D:8      | Killed a hornet
  6401 | D:8      | Reached skill level 10 in Long Blades
  6401 | D:8      | Reached XP level 9. HP: 72/72 MP: 11/11
  6421 | D:8      | Reached skill level 5 in Fighting
  6652 | D:8      | Found a transporter.
  7000 | D:8      | Found a transporter.
  7330 | D:8      | Noticed a three-headed hydra
  7336 | D:8      | Killed a one-headed hydra
  7552 | D:9      | Reached XP level 10. HP: 85/86 MP: 13/13
  7567 | D:9      | Found a blossoming altar of Fedhas.
  7637 | D:9      | HP: 6/86 [yak (7)]
  7649 | D:9      | Reached skill level 5 in Armour
  7973 | D:9      | Noticed a two-headed ogre
  7988 | D:9      | Killed a two-headed ogre
  8500 | D:9      | HP: 7/89 [yak (5)]
  9335 | D:9      | Found a basalt altar of Yredelemnul.
  9470 | D:9      | Found a stormy altar of Qazlal.
  9630 | D:9      | Found a staircase to the Lair.
  9636 | D:9      | Found a staircase to the Orcish Mines.
  9776 | D:10     | Entered Level 10 of the Dungeon
  9805 | D:10     | Reached XP level 11. HP: 97/97 MP: 14/14
 10794 | D:10     | Noticed Joseph
 10838 | D:10     | Killed Joseph
 11512 | D:11     | Reached skill level 10 in Fighting
 11701 | D:11     | Noticed a five-headed hydra
 11712 | D:11     | Killed a one-headed hydra
 12059 | D:11     | HP: 8/99 [something (5)]
 12060 | D:11     | HP: 3/99 [something (5)]
 12068 | D:11     | HP: 4/148 [something (3)]
 12069 | D:11     | HP: 1/148 [something (3)]
 12070 | D:11     | Slain by an unseen horror

Skill      XL: |  1  2  3  4  5  6  7  8  9 10 11 |
---------------+----------------------------------+-----
Long Blades    | 2 3 4 5 6 7 10 | 10.0
Shields        | 3 4 5 6 7 9 |  9.1
Fighting       | 3 4 7 9 10 | 10.0
Armour         | 4 6 7 |  7.7
Dodging        | |  0.6

Action                   |  1- 3 |  4- 6 |  7- 9 | 10-12 || total
-------------------------+-------+-------+-------+-------++-------
Melee: Long sword        |    95 |   191 |   446 |   673 ||  1405
       Hand axe          |       |       |     4 |     7 ||    11
Throw: Javelin           |       |       |     3 |    20 ||    23
Evoke: Wand              |       |       |       |     2 ||     2
  Use: Scroll            |     6 |     7 |     8 |     3 ||    24
       Potion            |       |     2 |     2 |     6 ||    10
  Eat: Chunk             |     7 |    12 |    22 |    23 ||    64
       Ration            |       |       |     1 |       ||     1
Armor: Chain mail        |    66 |   100 |   126 |       ||   292
       Skin              |       |       |    14 |       ||    14
       Plate armour      |       |       |    36 |   186 ||   222
       Ice dragon scales |       |       |       |   175 ||   175
Dodge: Dodged            |    25 |    29 |    62 |   180 ||   296
Block: Shield            |    45 |   104 |   202 |   347 ||   698
       Rpst.: Long sword |     5 |     8 |    20 |    44 ||    77
